Cogmind - Beta 15 @@@ ROGUE MODE // 2025.07.19 @ 20:06:29 Player: Cracklepappy Result: Destroyed by as-77883 with Assembled Rifle Performance ------------- Evolutions (0) 0 Regions Visited (2) 400 Robots Destroyed (33) 165 Value Destroyed (702) 702 Prototype IDs (0) 0 Alien Tech Used (0) 0 Bonus (0) 0 TOTAL SCORE: 1267 Bonus ------- None Cogmind --------- Core Integrity 0/250 Matter 243/300 Energy 60/250 System Corruption 2% Temperature Hot (299) Movement Core (550) Ox10 Location -10/Mines Parts ------- > --- POWER (1) -------- Ion Engine > --- PROPULSION (2) --- (None) > --- UTILITY (2) ------ Large Storage Unit > --- WEAPON (2) ------- Spread Laser Spread Laser > --- INVENTORY (15) --- Wheel Wheel Heat Sink High-capacity Matter Pod (200) Seismic Detector Spread Laser Spread Laser Light EM Pulse Cannon Light EM Pulse Cannon Light EM Pulse Cannon Assault Rifle Datajack Mining Laser Peak State ------------ > --- POWER ------------ Ion Engine > --- PROPULSION ------- Wheel Compact Wheel > --- UTILITY ---------- Heat Sink Large Storage Unit > --- WEAPON ----------- Light EM Pulse Cannon Light EM Pulse Cannon > --- INVENTORY -------- Ion Engine Wheel Wheel Heat Sink Signal Interpreter Seismic Detector Medium Laser Spread Laser Spread Laser Spread Laser Light EM Pulse Cannon Light EM Pulse Cannon Assault Rifle Datajack Mining Laser [Rating: 11] Favorites ----------- Power Ion Engine Engine Ion Engine Propulsion Compact Wheel Wheel Compact Wheel Utility Heat Sink Device Heat Sink Storage Large Storage Unit Weapon EM Pulse Gun Energy Gun EM Pulse Gun Energy Cannon Light EM Pulse Cannon Ballistic Gun Assault Rifle Launcher Rocket Launcher Special Weapon Mining Laser Build | -11 -10 -10 ------- Run | Yrd Mat Min Slots Evolved . | . . . Power . | . . . Propulsion . | . . . Utility . | . . . Weapon . | . . . Parts Attached 27 | 8 16 3 Power 3 | 1 1 1 Engine 3 | 1 1 1 Core . | . . . Reactor . | . . . Propulsion 5 | 2 3 . Treads . | . . . Leg . | . . . Wheel 5 | 2 3 . Hover . | . . . Flight . | . . . Utility 7 | 2 5 . Device 3 | 1 2 . Storage 4 | 1 3 . Processor . | . . . Hackware . | . . . Protection . | . . . Artifact . | . . . Weapon 12 | 3 7 2 Energy Gun 6 | 2 4 . Energy Cannon 3 | . 2 1 Ballistic Gun 1 | 1 . . Ballistic Cannon . | . . . Launcher 1 | . . 1 Special Weapon 1 | . 1 . Impact Weapon . | . . . Slashing Weapon . | . . . Piercing Weapon . | . . . Special Melee Weapon . | . . . Unidentified Prototypes . | . . . Parts Lost 6 | . 1 5 Power 1 | . . 1 Propulsion 3 | . 1 2 Utility 1 | . . 1 Weapon 1 | . . 1 Highest Loss Streak 5 | . 1 5 To Critical Strikes . | . . . Average Backups 11 | 3 11 14 Power . | . 1 . Propulsion 2 | 2 2 2 Utility 2 | . 3 3 Weapon 4 | . 4 7 Tool/Special . | . . . Unused Backups 17 | . 9 8 Power 1 | . 1 . Propulsion 4 | . 2 2 Utility 7 | . 4 3 Weapon 4 | . 2 2 Tool/Special 1 | . . 1 Average Slot Usage (%) 99 | . 99 82 Engine 14 | . 14 14 Wheel 27 | . 27 15 Device 13 | . 13 8 Storage 14 | . 14 14 Energy Gun 18 | . 19 7 Energy Cannon 9 | . 8 19 Peak Build Rating 11 | 7 11 11 Average Rating 8 | 5 9 9 On Entrance 6 | . 7 11 Naked Turns . | . . . Heaviest Build 34 | 15 34 34 Greatest Support 26 | 26 26 26 Greatest Overweight (x) 2 | . 1 2 Average Overweight (x) . | . . 1 Largest Inventory Capacity 15 | 8 15 15 Average Capacity 12 | 7 12 15 Most Carried 15 | 8 15 15 Average Carried 11 | 4 11 14 Final Capacity 15 | 8 15 15 Final Carried 15 | 8 15 13 Class Distribution -------------------- 89% | Mutant 10% | Scavenger-Mutant Dominant Class ---------------- Mutant | -10/Materials Scavenger-Mutant | -10/Mines Resources | -11 -10 -10 ----------- Run | Yrd Mat Min Matter Collected 746 | 310 436 . Remotely . | . . . Salvage Created 1185 | 123 1027 35 Parts 73 | 8 65 . Haulers Intercepted 2 | . 2 . Recyclers Shooed . | . . . Parts Field Recycled . | . . . Retrieved Matter . | . . . Parts Self-Destructed . | . . . Prevented . | . . . Kills | -11 -10 -10 ------- Run | Yrd Mat Min Combat Hostiles Destroyed 23 | . 18 5 Guns 13 | . 11 2 Cannons 6 | . 5 1 AOE 4 | . 2 2 Classes Destroyed 9 | 2 6 1 Worker 2 | . 2 . Builder 3 | . 3 . Tunneler 4 | 2 2 . Hauler 2 | . 2 . Recycler 1 | 1 . . Watcher 3 | . 3 . Swarmer 3 | . 3 . Grunt 15 | . 15 . Assembled 5 | . . 5 Best Kill Streak 5 | 2 5 5 Combat Bots Only 5 | . 3 5 Max Kills in Single Turn 2 | 1 2 2 Gunslinging . | . . . Exploded 2 | . 2 2 Melee . | . . . Uniques/NPCs Destroyed . | . . . Combat | -11 -10 -10 -------- Run | Yrd Mat Min Hostile Shots Fired 94 | . 45 49 Missed 26 | . 11 15 Hits 68 | . 34 34 Melee 3 | . . 3 Projectile 65 | . 34 31 Damage Taken 1013 | . 399 614 Core 251 | . 72 179 Absorbed by Shields . | . . . Core Remaining (%) 100 | 100 . . Volleys Fired 81 | 10 61 10 Largest 2 | 1 2 2 Hottest 130 | 20 130 130 Shots Fired 146 | 10 119 17 Gun 116 | 10 96 10 Cannon 27 | . 22 5 Launcher 2 | . . 2 Special 1 | . 1 . Kinetic 12 | 10 2 . Thermal 25 | . 15 10 Explosive 2 | . . 2 Electromagnetic 107 | . 102 5 Robot Hit Streak 8 | 3 8 8 Robot Miss Streak 6 | 3 5 6 Penetration Max . | . . . Secondary Targets 2 | . 1 1 Max Gunslinging Chain 1 | . 1 1 Shots Hit Robots 85 | 5 68 12 Core Hits 75 | 4 50 21 Critical Kills . | . . . Critical Parts Destroyed . | . . . Critical Strikes 1 | . 1 . Corrupt 1 | . 1 . Melee Attacks . | . . . Impact . | . . . Slashing . | . . . Piercing . | . . . Sneak Attacks . | . . . Combat Hostiles . | . . . Follow-up Attacks . | . . . Damage Inflicted 1645 | 68 1267 310 Guns 1046 | 68 818 160 Cannons 255 | . 235 20 Explosions 344 | . 214 130 Melee . | . . . Ramming . | . . . Kinetic 80 | 68 12 . Thermal 503 | . 343 160 Explosive 130 | . . 130 Electromagnetic 932 | . 912 20 Impact . | . . . Slashing . | . . . Piercing . | . . . Highest Corruption 2 | . 2 2 Average Corruption 2 | . 2 2 Corruption Purged . | . . . Corruption Blocked . | . . . Effects 19 | . 18 1 Message Errors 2 | . 2 . Matter Fused 4 | . 4 . Heat Flow Errors 4 | . 4 . Energy Discharges 1 | . 1 . Data Loss (minor) 6 | . 6 . Data Loss (major) 1 | . 1 . Weapon Failures 1 | . . 1 Overload Shots . | . . . Overflow Damage 22 | . 8 14 Projectiles . | . . . Explosions 22 | . 8 14 Melee . | . . . Knockbacks . | . . . Impact . | . . . Kinetic . | . . . Secondary . | . . . Self-Inflicted Damage 98 | . . 98 Shots 2 | . . 2 Rammed . | . . . Targets Rammed . | . . . Kicked . | . . . Crushed . | . . . Highest Temperature 299 | . 223 299 Average Temperature 52 | . 42 108 Received Heat Transfer 192 | . 192 . Siege Activations . | . . . Martial Activations . | . . . Shielding Activations . | . . . Robots Disrupted . | . . . Combat Hostiles . | . . . Robots Corrupted . | . . . Combat Hostiles . | . . . Parts Fried 2 | . 2 . Impact Corruptions . | . . . Robots Melted . | . . . Combat Hostiles . | . . . Parts Melted . | . . . Heat Transferred 650 | . 455 195 Parts Sabotaged . | . . . Parts Stolen . | . . . Parts Stripped . | . . . Power Chain Reactions 3 | . 3 . Alert | -11 -10 -10 ------- Run | Yrd Mat Min Maximum Alert Level . | . . . Low Security (%) 100 | 100 100 100 Level 1 . | . . . Level 2 . | . . . Level 3 . | . . . Level 4 . | . . . Level 5 . | . . . High Security . | . . . Max Security . | . . . Peak Influence 183 | 5 183 62 Initial 62 | . . 62 Average 83 | 1 91 42 Influence Increases 672 | 15 632 25 Destroy 0b10 Robot/C 360 | . 360 . Destroy 0b10 Robot/NC 75 | 15 60 . Destroy Leader 90 | . 90 . Successful Hack 22 | . 22 . Select Force Hacks 60 | . 60 . Disable Machine 30 | . 15 15 Destroy Structure 20 | . 10 10 Lose Combat Pursuer 15 | . 15 . Influence Decreases 665 | 15 471 179 Entered New Map 99 | . . 99 Time Decay 506 | 15 461 30 Lost Part 60 | . 10 50 Squads Dispatched 4 | . 4 . Investigation 4 | . 4 . Extermination . | . . . Reinforcement . | . . . Assault . | . . . Garrison . | . . . Intercept . | . . . Searches Triggered . | . . . Construction Impeded . | . . . Haulers Reinforced . | . . . Active Scanning Responses . | . . . Cargo Convoy Interrupts . | . . . Stealth | -11 -10 -10 --------- Run | Yrd Mat Min Distress Signals 2 | . 2 . Communications Jammed . | . . . Distress Signals . | . . . Times Spotted 41 | . 32 9 Peak Tracking Total 8 | . 4 8 Tactical Retreats 2 | . 1 1 Traps | -11 -10 -10 ------- Run | Yrd Mat Min Traps Triggered 1 | . 1 . Indirectly . | . . . Trap Hack Attempts . | . . . Triggered . | . . . Disarmed . | . . . Reprogrammed . | . . . Reused . | . . . Traps Extracted . | . . . Installed . | . . . Triggered . | . . . Machines | -11 -10 -10 ---------- Run | Yrd Mat Min Machines Disabled 2 | . 1 1 Max in Single Turn 1 | . 1 1 Machines Repaired . | . . . Machines Dismantled . | . . . Machines Sabotaged . | . . . Overloaded Fab Kills . | . . . Hacking | -11 -10 -10 --------- Run | Yrd Mat Min Machines Accessed 11 | . 11 . Terminals 8 | . 8 . Fabricators . | . . . Repair Stations 1 | . 1 . Recycling Units 2 | . 2 . Scanalyzers . | . . . Garrison Access . | . . . Total Hacks 26 | . 26 . Successful 12 | . 12 . Failed 13 | . 13 . Catastrophic 2 | . 2 . Database Lockouts 1 | . 1 . Manual 17 | . 17 . Terminals 22 | . 22 . Fabricators . | . . . Repair Stations 1 | . 1 . Recycling Units 3 | . 3 . Scanalyzers . | . . . Garrison Access . | . . . Terminal Hacks 4 | . 4 . Robot Schematic 1 | . 1 . Robot Analysis 1 | . 1 . Emergency Access Points 1 | . 1 . Locate Traps 1 | . 1 . Fabricator Hacks . | . . . Repair Station Hacks . | . . . Recycling Unit Hacks . | . . . Scanalyzer . | . . . Garrison Access Hacks . | . . . Unauthorized Hacks 8 | . 8 . Terminals 6 | . 6 . Skim 6 | . 6 . Fabricators . | . . . Repair Stations . | . . . Recycling Units 2 | . 2 . Tunnel 2 | . 2 . Scanalyzers . | . . . Garrison Access . | . . . Data Cores Recovered . | . . . Used . | . . . Hacking Detections 9 | . 9 . Full Trace Events 2 | . 2 . Feedback Events . | . . . Feedback Blocked . | . . . Robot Schematics Acquired 1 | . 1 . Robots Built . | . . . Authchips . | . . . Time . | . . . Total Robot Build Rating . | . . . Part Schematics Acquired . | . . . Parts Built . | . . . Authchips . | . . . Time . | . . . Total Part Build Rating . | . . . Parts Repaired . | . . . Time . | . . . Parts Recycled . | . . . Recycled Matter . | . . . Retrieved Matter . | . . . Retrieved Components . | . . . Parts Scanalyzed . | . . . Part Schematics Acquired . | . . . Parts Damaged . | . . . Bothacking | -11 -10 -10 ------------ Run | Yrd Mat Min Used RIF Installer . | . . . Robots Hacked . | . . . Non-combat . | . . . Combat . | . . . Robot Hacks Applied . | . . . Relay Couplers Released . | . . . Fabnet Peak Effective % . | . . . Robots Rewired . | . . . Allies Hacked . | . . . Hacks Repelled . | . . . Allies | -11 -10 -10 -------- Run | Yrd Mat Min Total Allies . | . . . Largest Group . | . . . Highest-Rated Group . | . . . Highest-Rated Ally . | . . . Total Orders . | . . . Ally Attacks . | . . . Total Damage . | . . . Kills . | . . . Allies Corrupted . | . . . Allies Melted . | . . . Intel | -11 -10 -10 ------- Run | Yrd Mat Min Active Infowar (turns) 48 | 36 12 . Seismic 48 | 36 12 . Robot Analysis Total 1 | . 1 . Derelict Logs Recovered . | . . . Drone Launches . | . . . Drone Recoveries . | . . . Exploration | -11 -10 -10 ------------- Run | Yrd Mat Min Turns Passed 1830 | 116 1645 69 Spaces Moved 1413 | 80 1321 12 Core 1 | 1 . . Treads . | . . . Legs . | . . . Wheels 1412 | 79 1321 12 Hover . | . . . Flight . | . . . Fastest Speed 50 | 50 90 105 Average Speed 97 | 90 97 111 Slowest Speed 130 | 100 105 130 Overloaded Moves . | . . . Propulsion Burnouts . | . . . Robots Hopped . | . . . Potential Cave-ins . | . . . Cave-ins Triggered . | . . . Exploration Rate (%) 36 | 5 99 5 Regions Visited 2 Branch Regions 1 Pre-discovered Areas 4 | . 4 . Known Exits Taken . | . . . Unknown Exits Taken 2 | 1 1 . Scrap Searched . | . . . Spaces Dug 1 | . 1 . Terrain Destroyed 32 | . 9 23 Melee . | . . . Projectile 1 | . 1 . AOE 31 | . 8 23 Terrain Rammed . | . . . Walls Destroyed . | . . . Machines Disabled . | . . . Actions | -11 -10 -10 --------- Run | Yrd Mat Min Total 1718 | 109 1559 50 Wait 144 | 4 117 23 Move 1411 | 79 1320 12 Hop . | . . . Pick Up 30 | 8 22 . Fast Attach 7 | 7 . . Attach 5 | . 3 2 Detach . | . . . Swap 21 | 1 17 3 Drop 19 | . 19 . Fire 81 | 10 61 10 Melee . | . . . Ram . | . . . Kick . | . . . Crush . | . . . Escape Stasis . | . . . Rewire . | . . . Trap . | . . . Miscellaneous . | . . . Route ------- -11/Scrapyard -10/Materials (discovered 6 exits: *Mat x3 / [*Min x2] / [*Sub]) -10/Mines (discovered 2 exits: Mat x2) History --------- Turn | Location | Event 5 | -11/Scrapyard | Discovered new exit (range 16) 117 | -11/Scrapyard | Entered Materials 321 | -10/Materials | Build established: Mutant 441 | -10/Materials | Discovered new exit (range 5) 508 | -10/Materials | Discovered new exit (range 12) 595 | -10/Materials | Discovered new exit (range 6) 644 | -10/Materials | Discovered new exit (range 16) 812 | -10/Materials | Discovered new exit (range 11) 1027 | -10/Materials | Central database locked down 1081 | -10/Materials | Discovered new exit (range 15) 1244 | -10/Materials | Learned Storage stockpile data 1292 | -10/Materials | Learned location of Storage (-8) 1762 | -10/Materials | Entered Mines 1763 | -10/Mines | Assembled infested the area 1763 | -10/Mines | Identified exit to Materials 1768 | -10/Mines | Assisted by a Guerilla fighting off Assembled 1813 | -10/Mines | Core integrity fell below 50% 1824 | -10/Mines | Core integrity fell below 20% 1831 | -10/Mines | Destroyed by as-77883 with Assembled Rifle Last Messages --------------- 01798_ Wheel destroyed. 01801_ Heat Sink destroyed. 01801_ as-03323 destroyed. 01809_ Com. Wheel destroyed. 01811_ as-61419 sneak attacks. 01811_ R-06 Scavenger destroyed. 01811_ as-15134 destroyed. 01811_ Rocket Launcher destroyed. 01811_ Destroyed Rocket Launcher. 01811_ Destroyed Asb. Hover Unit. 01811_ as-21721 destroyed. 01817_ Ion Engine destroyed. 01817_ R-06 Scavenger collects Com. Wheel. 01819_ The unstable cave ceiling collapses. 01820_ R-06 Scavenger collects Sml. Storage Unit. 01821_ as-61419 destroyed. 01821_ Switching to secondary target: as-04844. 01823_ The unstable cave ceiling collapses. 01824_ as-04844 destroyed. 01827_ R-06 Scavenger collects Corrupted Bore Cannon. Map ----- +----------------------------------------------------+ | ????????????????????????????????????????????????? | | ????????????????????????????????????????????????? | | ????????????????????????????????????????????????? | | ????????????????????????????????????????????????? | | ????????????????????????????????????????????????? | | ????????????????????????????????????????????????? | | ????????????????????????????????????????????????? | | ????????????????????????????????????????????????? | | ????????????????????????????????????????????????? | | ????????????????????????????????????????????????? | | ????????????????????????????????????????????????? | | ????????????????????????????????????????????????? | | ????????????????????????????????????????????????? | | ????????????????????????????????????????????????? | | ????????????????????????????????????????????????? | | ????????????????????????????????????????????????? | | ??????????????????????